 Dungeon Crawl Stone Soup version 0.20.1-1-g8b1a95d (webtiles) character file.

46 Vno the Conjurer (level 3, 0/26 HPs)
             Began as a Draconian Conjurer on Nov 6, 2017.
             Succumbed to an adder's poison
             ... on level 2 of the Dungeon.
             The game lasted 00:08:18 (1250 turns).

Vno the Conjurer (Draconian Conjurer)               Turns: 1250, Time: 00:08:19

Health: 0/26       AC:  6    Str: 10    XL:     3   Next: 44%
Magic:  5/6        EV: 12    Int: 16    God:
Gold:   42         SH:  0    Dex: 11    Spells: 3/6 levels left

rFire    . . .     SeeInvis .   h - -1 hand axe (curse)
rCold    . . .     Gourm    .   (no shield)
rNeg     . . .     Faith    .   (armour unavailable)
rPois    .         Spirit   .   (helmet restricted)
rElec    .         Reflect  .   f - +0 cloak
rCorr    .         Harm     .   (no gloves)
MR       .....                  (no boots)
Stlth    ++........             (no amulet)
Regen    0.1/turn               (no ring)
MPRegen  0.1/turn               (no ring)

@: lethally poisoned (0 -> -2)
A: unfitting armour, cold-blooded, AC +5
a: no special abilities


You were on level 2 of the Dungeon.
You were not hungry.

You visited 1 branch of the dungeon, and saw 2 of its levels.

You collected 42 gold pieces.

Inventory:

Hand Weapons
 d - a +0 dagger
 h - a cursed -1 hand axe (weapon)
Missiles
 e - 5 tomahawks (quivered)
 g - 24 bolts
 j - 27 arrows
Armour
 f - a +0 cloak (worn)
Potions
 i - a potion of curing {unknown}
Books
 a - a book of Conjurations

   Spells                             Type                      Level
   a - Magic Dart                     Conjuration                  1
   b - Searing Ray                    Conjuration                  2
   c - Dazzling Spray                 Conjuration/Hexes            3
   d - Fulminant Prism                Conjuration/Hexes            4
   e - Force Lance                    Conjuration/Translocation    4
   f - Iskenderun's Mystic Blast      Conjuration                  4
Comestibles
 b - a bread ration
 c - 5 chunks of flesh


   Skills:
 + Level 0.2 Fighting
 + Level 0.4 Short Blades
 + Level 0.8 Axes
 + Level 2.2 Dodging
 + Level 1.8 Stealth
 * Level 0.8 Unarmed Combat
 + Level 2.0 Spellcasting
 + Level 4.5 Conjurations


You had 3 spell levels left.
You knew the following spells:

 Your Spells              Type           Power        Failure   Level  Hunger
a - Magic Dart            Conj           ###.         3%          1    #......
b - Searing Ray           Conj           ###...       4%          2    ###....


Dungeon Overview and Level Annotations

Branches:
Dungeon (2/15)

Altars:


Innate Abilities, Weirdness & Mutations

Your plain brown scales are hard. (AC +5)
You cannot fit into any form of body armour.
You are cold-blooded and may be slowed by cold attacks.


Message History

There is a lethal amount of poison in your body!
There is a lethal amount of poison in your body!
There is a lethal amount of poison in your body!
There is a lethal amount of poison in your body!
There is a lethal amount of poison in your body!
There is a lethal amount of poison in your body!
There is a lethal amount of poison in your body!
There is a lethal amount of poison in your body!
Unknown command.
There is a lethal amount of poison in your body!
* * * LOW HITPOINT WARNING * * *
You feel sick.
You climb downwards.
There is a stone staircase leading up here.
* * * LOW HITPOINT WARNING * * *
You feel sick.
There is a lethal amount of poison in your body!
There is a lethal amount of poison in your body!
There is a lethal amount of poison in your body!
You die...

#.........#
#...(.....#
####
#.........#
...##.........#
#..#.........#
###.#.........#
#...<.........#
#.#.%..)#######
##%..@......#
#..........#
#..#.......#
....#.......#
###..#########
.... ...#.
#####..


There were no monsters in sight!

Vanquished Creatures
  An adder (D:2)
  A dart slug (D:1)
  6 bats
  3 giant cockroaches
  5 goblins
  4 hobgoblins (D:1)
  A jackal (D:1)
  6 kobolds (D:1)
  A frilled lizard (D:1)
  3 rats (D:1)
31 creatures vanquished.

Notes
Turn   | Place    | Note
-------+----------+-------------------------------------------
     0 | D:1      | Vno the Draconian Conjurer began the quest for the Orb.
     0 | D:1      | Reached XP level 1. HP: 14/14 MP: 3/3
   440 | D:1      | Reached XP level 2. HP: 19/20 MP: 1/5
   557 | D:1      | Learned a level 2 spell: Searing Ray
   893 | D:1      | Reached XP level 3. HP: 23/26 MP: 4/6
  1246 | D:2      | HP: 1/26 [poisoned by an adder]
  1250 | D:2      | Succumbed to an adder's poison

Skill      XL: |  1  2 |
---------------+-------+-----
Dodging        | 2 |  2.2
Fighting       | |  0.2
Short Blades   | |  0.4
Axes           | |  0.8
Stealth        | |  1.8
Unarmed Combat | |  0.8
Spellcasting   | |  2.0
Conjurations   | |  4.5

Action                   || total
-------------------------++-------
Melee: Dagger            ||    40
       Unarmed           ||    11
       Tailslap          ||     5
       Hand axe          ||    55
 Cast: Magic Dart        ||    25
       Searing Ray       ||     4
  Use: Scroll            ||     3
 Stab: Sleeping          ||     1
  Eat: Chunk             ||     2
Armor: Skin              ||    47
Dodge: Dodged            ||    93
